 Dungeon Crawl Stone Soup version 0.17-a0-1910-g4c791fa (webtiles) character file.

23 DizzySkin the Slasher (level 2, 26/26 HPs)
             Began as a Minotaur Fighter on Sept 26, 2015.
             Was a Follower of Sif Muna.
             Quit the game on level 2 of the Dungeon.
             The game lasted 00:03:20 (1195 turns).

DizzySkin the Slasher (Minotaur Fighter)            Turns: 1195, Time: 00:03:21

Health: 26/26      AC:  6    Str: 20    XL:     2   Next: 72%
Magic:  1/1        EV:  7    Int:  5    God:    Sif Muna [*.....]
Gold:   27         SH:  9    Dex:  9    Spells: 0 memorised, 1 level left

rFire  . . .     SeeInvis .     a - +0 long sword
rCold  . . .     Clarity  .     b - +0 scale mail
rNeg   . . .     SustAt   .     c - +0 shield
rPois  .         Gourm    .     (helmet restricted)
rElec  .         Spirit   .     (no cloak)
rCorr  .         Warding  .     (no gloves)
rMut   .         Stasis   .     (no boots)
MR     .....                    (no amulet)
Stlth  ..........               (no ring)
                                (no ring)

@: not resistant to hostile enchantments, extremely unstealthy
A: retaliatory headbutt, horns 2
a: Channel Energy, Renounce Religion


You were on level 2 of the Dungeon.
You worshipped Sif Muna.
Sif Muna was aware of your devotion.
You were not hungry.

You visited 1 branch of the dungeon, and saw 2 of its levels.

You collected 27 gold pieces.

Inventory:

Hand weapons
 a - a +0 long sword (weapon)
 i - a +0 hunting sling
   (You found it on level 1 of the Dungeon)
Armour
 b - a +0 scale mail (worn)
 c - a +0 shield (worn)
Scrolls
 g - 2 scrolls of teleportation {unknown}
Potions
 d - a potion of might
 f - a potion of resistance {unknown}
 h - 2 potions of curing {unknown}
Comestibles
 e - 3 bread rations {@e1}
 j - 4 chunks of flesh {@w0}


   Skills:
 - Level 3.6 Fighting
 + Level 4.1 Long Blades
 - Level 3.6 Armour
 - Level 3.6 Shields


You had one spell level left.
You didn't know any spells.

Dungeon Overview and Level Annotations

Branches:
Dungeon (2/15)

Altars:
Sif Muna


Innate Abilities, Weirdness & Mutations

You reflexively headbutt those who attack you in melee.
You have a pair of horns on your head.


Message History

You block the rat's attack.
You barely miss the rat. You headbutt the rat.
The rat bites you but does no damage.
You closely miss the rat. The rat bites you but does no damage.
The rat bites you but does no damage.
You hit the rat but do no damage. You headbutt the rat.
You kill the rat!
No target in view!
There is an open door here.
You see here a rat corpse.
You butcher the rat corpse.
j - 3 chunks of flesh {@w0} (gained 1)
There is an open door here.
You see here a rat skeleton.
Health restored: 26 You open the door.
You open the door.
There is an open door here.
There is an open door here.
There is an open door here.
There is an open door here.
There is an open door here.
You open the door.
There is an open door here.
A bat comes into view.
You hit the bat. You block the bat's attack. The bat hits you.
You take 1 damage, and have 25/26 hp.
You block the bat's attack. The bat hits you but does no damage.
You hit the bat.
You kill the bat!
Done exploring.
Health restored: 26 Done exploring.
A hobgoblin comes into view. It is wielding a club.
There is an open door here.
You slash the hobgoblin!
You kill the hobgoblin!
No target in view!
You see here a club.
There is an open door here.
There is a stone staircase leading down here.
You climb downwards.
A hobgoblin comes into view. It is wielding a club.
The hobgoblin shouts!
There is a stone staircase leading up here.
You hit the hobgoblin.
You kill the hobgoblin!
No target in view!
Found a stone staircase leading down.
Things that are here:
a club; a hobgoblin corpse You butcher the hobgoblin corpse.
j - 4 chunks of flesh {@w0} (gained 1)
You see here a club.
You are feeling hungry.
h - 2 metallic pink potions (gained 1) Eating one of 4 chunks of flesh {@w0}.
You continue eating. x2
A rat comes into view.
You barely miss the rat. The rat bites you but does no damage.
You hit the rat.
You kill the rat!
Your Long Blades skill increases to level 4!
You see here a rat corpse.
You butcher the rat corpse.
j - 4 chunks of flesh {@w0} (gained 1)
e - 3 bread rations {@e1} (gained 1) Some of the chunks of flesh in your inventory have rotted away.
You open the door.
A hobgoblin comes into view. It is wielding a club.
There is an open door here.
You block the hobgoblin's attack.
You barely miss the hobgoblin. The hobgoblin barely misses you.
Your shield and scale mail prevent you from hitting the hobgoblin.
The hobgoblin completely misses you.
You closely miss the hobgoblin.
The hobgoblin hits you but does no damage.
You block the hobgoblin's attack.
You closely miss the hobgoblin. You headbutt the hobgoblin.
You kill the hobgoblin!
No target in view!
Things that are here:
a club; a hobgoblin corpse You butcher the hobgoblin corpse.
j - 5 chunks of flesh {@w0} (gained 2)
You see here a club.
You now have 27 gold pieces (gained 17).
You open the door.
There is an open door here.
Found a stone staircase leading up.
You see here a ring mail.
Some of the chunks of flesh in your inventory have rotted away.
You see here a ring mail.
You see here 17 sling bullets.
Found a faded altar to an unknown god.
There is a stone staircase leading up here.
There is a faded altar to an unknown god here.
This altar will convert you to a god.
You cannot discern which.
Do you pray? Sif Muna accepts your prayer! Sif Muna welcomes you!
You can now tap ambient magical fields.

... ... ######## #.#
#......# #.# #... ..#
#.# ####### #.(.#..#
#.# #......
##..#@#.####.###.#####
.......#..#......[....#
#.##......#.##.###.##.#
#.####.#.#...##.##.# #.
#...<(.....#.##.## #
#.#...#...##......
#.#####..######.##
#........# #.#
########.# #.#


There were no monsters in sight!

Vanquished Creatures
  2 giant geckos (D:1)
  A giant cockroach (D:1)
  A goblin (D:1)
  6 hobgoblins
  2 jackals (D:1)
  A kobold (D:1)
  2 bats (D:1)
  5 rats
20 creatures vanquished.

Notes
Turn   | Place    | Note
--------------------------------------------------------------
     0 | D:1      | DizzySkin the Minotaur Fighter began the quest for the Orb.
     0 | D:1      | Reached XP level 1. HP: 19/19 MP: 0/0
   187 | D:1      | Reached skill level 3 in Long Blades
   352 | D:1      | Reached XP level 2. HP: 26/26 MP: 1/1
  1099 | D:2      | Reached skill level 4 in Long Blades
  1190 | D:2      | Found a faded altar to an unknown god.
  1195 | D:2      | Became a worshipper of Sif Muna the Loreminder
  1195 | D:2      | Acquired Sif Muna's first power
  1195 | D:2      | Quit the game

Vault maps used:
D:1:      dpeg_arrival_prison
D:2:      tgw_xom, ecumenical_altar_1

Action                   || total
-------------------------++-------
Melee: Long sword        ||    49
  Eat: Chunk             ||     1

Vault maps used:
D:1:      dpeg_arrival_prison
D:2:      tgw_xom, ecumenical_altar_1

Table legend:
 A = Turns spent in this place as a percentage of turns spent in the entire game.
 B = Non-inter-level travel turns spent in this place as a percentage of non-inter-level travel turns spent in the entire game.
 C = Inter-level travel turns spent in this place as a percentage of turns spent in this place.
 D = Turns resting spent in this place as a percentage of non-inter-level travel turns spent in this place.
 E = Turns spent auto-exploring this place as a percentage of non-inter-level travel turns spent in this place.
 F = Non-inter-level travel turns spent in this place divided by the number of levels of this place that you've seen.
                   A       B       C       D       E      F
               +-------+-------+-------+-------+-------+----------------------
         Total | 100.0 | 100.0 |   0.7 |   0.7 |   7.8 | 147.0
       Dungeon | 100.0 | 100.0 |   0.7 |   0.7 |   7.8 | 147.0
               +-------+-------+-------+-------+-------+----------------------

Table legend:
 A = Kills in this place as a percentage of kills in entire the game.
 B = Kills by you in this place as a percentage of kills by you in the entire game.
 C = Kills by friends in this place as a percentage of kills by friends in the entire game.
 D = Other kills in this place as a percentage of other kills in the entire game.
 E = Experience gained in this place as a percentage of experience gained in the entire game.
 F = Experience gained in this place divided by the number of levels of this place that you have seen.
                   A       B       C       D       E      F
               +-------+-------+-------+-------+-------+----------------------
         Total | 100.0 | 100.0 |  -nan |  -nan | 100.0 |  16.5
       Dungeon | 100.0 | 100.0 |  -nan |  -nan | 100.0 |  16.5
               +-------+-------+-------+-------+-------+----------------------
